 Dungeon Crawl Stone Soup version 0.22.1-2-g9c5b331 (webtiles) character file.

7945 ramoff the Fighter (level 11, -13/103 HPs)
             Began as a Minotaur Fighter on Nov 30, 2018.
             Was an Elder of Wu Jian.
             Mangled by an orc knight
             ... wielding a +2 long sword
              (14 damage)
             ... on level 1 of the Orcish Mines.
             The game lasted 02:26:29 (12686 turns).

ramoff the Fighter (Minotaur Fighter)              Turns: 12686, Time: 02:26:31

Health: -13/103    AC: 12    Str: 22    XL:     11   Next: 3%
Magic:  10/10      EV:  8    Int:  6    God:    Wu Jian [****..]
Gold:   555        SH: 11    Dex: 11    Spells: 10/10 levels left

rFire    . . .     SeeInvis .   F - +1 scimitar (protect)
rCold    + . .     Gourm    +   c - +0 shield
rNeg     . . .     Faith    .   b - +1 scale mail
rPois    +         Spirit   .   (helmet restricted)
rElec    .         Reflect  .   y - +0 cloak {rPois}
rCorr    .         Harm     .   q - +0 pair of gloves
MR       .....                  (no boots)
Stlth    ..........             o - amulet of the gourmand
HPRegen  0.27/turn              s - ring of protection from cold
MPRegen  0.12/turn              (no ring)

@: no status effects
A: retaliatory headbutt, horns 2
a: Wall Jump, Serpent's Lash, Renounce Religion


You were on level 1 of the Orcish Mines.
You worshipped Wu Jian.
Wu Jian was greatly pleased with you.
You were not hungry.

You visited 3 branches of the dungeon, and saw 12 of its levels.

You collected 876 gold pieces.
You spent 321 gold pieces at shops.

Inventory:

Hand Weapons
 a - a +2 long sword
 p - a +2 vampiric glaive
 v - a +1 falchion of freezing
 F - a +1 scimitar of protection (weapon)
 H - a +0 shortbow
Missiles
 i - 4 javelins (quivered)
 A - a throwing net
 I - 72 arrows
Armour
 b - a +1 scale mail (worn)
 c - a +0 shield (worn)
 e - the +3 salamander hide armour {+Rage rF++}
   (You found it on level 7 of the Dungeon)

   It greatly protects you from fire.
   It lets you go berserk.
 n - a +0 plate armour
 q - a +0 pair of gloves (worn)
 y - a +0 cloak of poison resistance (worn)
Jewellery
 o - an amulet of the gourmand (around neck)
 s - a ring of protection from cold (left hand)
Wands
 j - a wand of acid (7)
 k - a wand of enslavement (7)
 w - a wand of digging (12)
Scrolls
 d - 2 scrolls of blinking
 g - a scroll of fear
 l - 9 scrolls of remove curse
Potions
 h - 2 potions of flight
 m - 2 potions of haste {unknown}
 t - a potion of curing
 u - a potion of magic {unknown}
 x - a potion of lignification
 E - a potion of degeneration {unknown}
 G - a potion of brilliance {unknown}
 J - 2 potions of agility {unknown}
Comestibles
 f - 4 rations


   Skills:
 * Level 11.6 Fighting
 * Level 11.1 Long Blades
 + Level 5.6 Throwing
 + Level 8.7 Armour
 + Level 8.6 Shields


You had 10 spell levels left.
You didn't know any spells.
Your spell library was empty.

Dungeon Overview and Level Annotations

Branches:
Dungeon (9/15)             Temple (1/1) D:6             Orc (2/2) D:9
    Elf (0/3) Orc:2
   Lair: D:8-11

Altars:
Ashenzari
Cheibriados
Dithmenos
Elyvilon
Fedhas
Gozag
Hepliaklqana
Kikubaaqudgha
Makhleb
Nemelex Xobeh
Okawaru
Qazlal
Ru
Sif Muna
Trog
Uskayaw
Vehumet
Wu Jian
Xom
Yredelemnul
Zin
The Shining One
Beogh

Shops:
D:8 *


Innate Abilities, Weirdness & Mutations

You reflexively headbutt those who attack you in melee.
You have a pair of horns on your head.


Message History

You see here a tomahawk.
You spin and attack the orc warrior repeatedly.
You slash the orc warrior!
The orc warrior is severely wounded.
You closely miss the orc warrior.
The orc warrior is severely wounded.
The orc warrior hits you but does no damage.
Your surroundings suddenly seem different.
Your magical contamination has completely faded away.
The orc knight shouts!
You hear a shout!
The orc knight hits you with an enchanted long sword!!
* * * LOW HITPOINT WARNING * * *
The orc knight completely misses you.
The orc knight hits you with an enchanted long sword.
* * * LOW HITPOINT WARNING * * *
You block the orc knight's attack.
The orc knight hits you with an enchanted long sword!
* * * LOW HITPOINT WARNING * * *
The orc knight hits you with an enchanted long sword!
You die...

####..#
#.....#
####..# ####
##.. ##..##
#... #....##
##.. ####....#
###..
##.......###
##.>..
#...o@#....###
#<...#
#..o#####....#
##...#
#....##...####
#....
##.........#
#....
##.......##
##...
####†#### ###.
#....# #... .
......##
####..
$....##...####
#.....


You could see an orc knight and an orc sorcerer.

Vanquished Creatures
  A sixfirhy (D:7)
  Pikel (D:6)
  A manticore (D:8)
  A troll (Orc:2)
  Sigmund (D:2)
  A wyvern (D:9)
  3 yaks (D:9)
  Menkaure (D:6)
  2 wargs
  2 water moccasins (D:7)
  Duvessa (D:6)
  11 orc warriors
  A black bear (D:6)
  An ice beast (D:8)
  A sky beast (D:8)
  8 ogres
  3 phantoms
  2 centaurs
  2 big kobolds
  4 bullfrogs (D:7)
  Dowan (D:6)
  A wyvern skeleton (D:8)
  4 scorpions
  9 killer bees
  3 howler monkeys (D:7)
  An electric eel (D:7)
  A centaur zombie (D:8)
  A bullfrog zombie (D:9)
  4 crimson imps
  A quasit (D:8)
  2 hounds
  3 jellies
  7 orc priests
  A bullfrog skeleton (D:8)
  An iguana (D:7)
  11 orc wizards
  2 worker ants
  A killer bee zombie (D:9)
  A hound zombie (D:3)
  2 hound skeletons
  2 howler monkey zombies (D:7)
  A worker ant zombie (D:9)
  10 adders
  4 gnolls (D:5)
  2 oozes (D:1)
  An adder skeleton (D:3)
  2 worms
  6 leopard geckos
  56 orcs
  4 ball pythons
  2 giant cockroaches
  4 goblins
  5 hobgoblins
  11 jackals
  6 quokkas
  A ball python zombie (D:3)
  13 bats
  3 frilled lizards
  A jackal zombie (D:2)
  13 kobolds
  A leopard gecko skeleton (D:3)
  A leopard gecko zombie (D:3)
  2 quokka skeletons
  A quokka zombie (D:5)
  8 rats
265 creatures vanquished.

Vanquished Creatures (collateral kills)
  An orc (Orc:2)
1 creature vanquished.

Vanquished Creatures (others)
  A hound zombie (D:6)
  A howler monkey zombie (D:6)
  A shadow imp (D:6)
  An orc (D:6)
4 creatures vanquished.

Grand Total: 270 creatures vanquished

Notes
Turn   | Place    | Note
-------+----------+-------------------------------------------
     0 | D:1      | ramoff the Minotaur Fighter began the quest for the Orb.
     0 | D:1      | Reached XP level 1. HP: 19/19 MP: 0/0
    30 | D:1      | Reached XP level 2. HP: 24/27 MP: 1/1
   528 | D:1      | You fall through a shaft!
   550 | D:2      | Reached XP level 3. HP: 34/34 MP: 2/2
   669 | D:2      | You fall through a shaft for 2 floors!
   971 | D:3      | Found an iron altar of Okawaru.
  1035 | D:3      | Reached XP level 4. HP: 28/41 MP: 3/3
  1299 | D:3      | Reached skill level 5 in Fighting
  1393 | D:3      | Found a bloodstained altar of Trog.
  1430 | D:3      | Reached XP level 5. HP: 45/48 MP: 4/4
  1451 | D:2      | Noticed an ogre
  1459 | D:2      | Killed an ogre
  1482 | D:2      | Found a glowing golden altar of the Shining One.
  2458 | D:2      | Noticed Sigmund
  2465 | D:2      | Killed Sigmund
  2465 | D:2      | Reached skill level 5 in Long Blades
  2465 | D:2      | Reached XP level 6. HP: 41/57 MP: 5/5
  3154 | D:4      | Reached skill level 5 in Armour
  3154 | D:4      | Reached skill level 5 in Shields
  3154 | D:4      | Reached XP level 7. HP: 15/64 MP: 6/6
  4043 | D:5      | Entered Level 5 of the Dungeon
  5186 | D:6      | Noticed Pikel
  5193 | D:6      | Reached skill level 1 in Throwing
  5223 | D:6      | Killed Pikel
  5223 | D:6      | Reached XP level 8. HP: 52/74 MP: 7/7
  5341 | D:6      | Noticed Menkaure
  5357 | D:6      | Killed Menkaure
  5656 | D:6      | Found a staircase to the Ecumenical Temple.
  5669 | Temple   | Entered the Ecumenical Temple
  5717 | Temple   | Became a worshipper of the Wu Jian Council
  6060 | D:6      | Noticed Duvessa
  6079 | D:6      | Killed Duvessa
  6080 | D:6      | Noticed Dowan
  6112 | D:6      | Killed Dowan
  6367 | D:7      | Noticed a sixfirhy
  6368 | D:7      | Found a runed door.
  6511 | D:7      | Reached XP level 9. HP: 82/82 MP: 8/8
  6998 | D:7      | Reached * piety under Wu Jian
  7255 | D:7      | Found the +3 salamander hide armour {+Rage rF++}
  7710 | D:8      | HP: 4/85 [wyvern skeleton (9)]
  8228 | D:8      | Found a blossoming altar of Fedhas.
  8333 | D:8      | Found Eroib's Assorted Antiques.
  8364 | D:8      | Reached skill level 10 in Fighting
  8729 | D:8      | Reached ** piety under Wu Jian
  9237 | D:7      | Killed a sixfirhy
  9237 | D:7      | Reached XP level 10. HP: 66/94 MP: 9/9
  9383 | D:8      | Bought a pair of gloves for 103 gold pieces
  9383 | D:8      | Bought a scroll of identify for 46 gold pieces
  9398 | D:8      | Bought a runed cloak for 172 gold pieces
  9619 | D:9      | Noticed a manticore
  9643 | D:8      | Killed a manticore
  9643 | D:8      | Reached skill level 10 in Long Blades
 10062 | D:9      | Reached skill level 5 in Throwing
 10292 | D:9      | Found a staircase to the Orcish Mines.
 10354 | D:9      | Found a white marble altar of Elyvilon.
 10452 | D:9      | Found a shimmering altar of Xom.
 10500 | D:9      | Reached *** piety under Wu Jian
 10624 | D:9      | Found an opulent altar of Gozag.
 10627 | D:9      | Found a shattered altar of Ashenzari.
 10628 | D:9      | Found a bloodstained altar of Trog.
 10843 | Orc:1    | Entered Level 1 of the Orcish Mines
 11068 | Orc:2    | Entered Level 2 of the Orcish Mines
 11761 | Orc:2    | Found a roughly hewn altar of Beogh.
 11850 | Orc:2    | Found a roughly hewn altar of Beogh.
 11949 | Orc:2    | Reached **** piety under Wu Jian
 12112 | Orc:2    | Found a staircase to the Elven Halls.
 12136 | Orc:2    | Reached XP level 11. HP: 102/102 MP: 10/10
 12539 | Orc:1    | Noticed an orc knight
 12545 | Orc:1    | Noticed an orc sorcerer
 12685 | Orc:1    | HP: 1/103 [orc knight/enchanted long sword (13)]
 12686 | Orc:1    | Mangled by an orc knight

Skill      XL: |  1  2  3  4  5  6  7  8  9 10 |
---------------+-------------------------------+-----
Fighting       | 4 5 6 7 8 10 11 | 11.6
Long Blades    | 3 5 6 8 9 11 | 11.1
Shields        | 4 5 6 7 8 |  8.6
Armour         | 4 5 6 7 8 |  8.7
Throwing       | 2 3 4 5 |  5.6

Action                   |  1- 3 |  4- 6 |  7- 9 | 10-12 || total
-------------------------+-------+-------+-------+-------++-------
Melee: Long sword        |    81 |    99 |    31 |       ||   211
       Headbutt          |     9 |    13 |    59 |    63 ||   144
       Falchion          |       |       |   101 |       ||   101
       Scimitar          |       |       |   187 |   304 ||   491
Throw: Javelin           |     2 |     6 |    15 |     4 ||    27
       Tomahawk          |       |       |     8 |       ||     8
Invok: Lunge             |       |       |    23 |    24 ||    47
       Wall Jump         |       |       |    18 |    77 ||    95
       Whirlwind         |       |       |    11 |    69 ||    80
Evoke: Wand              |       |       |     2 |    11 ||    13
  Use: Scroll            |     8 |     6 |     7 |    10 ||    31
       Potion            |     1 |       |    11 |     2 ||    14
  Eat: Ration            |       |     2 |     4 |     1 ||     7
       Chunk             |       |     5 |     2 |     9 ||    16
Armor: Scale mail        |    42 |    52 |   130 |   117 ||   341
Dodge: Dodged            |    32 |    41 |    95 |    88 ||   256
Block: Shield            |    54 |    70 |   162 |   178 ||   464
       Rpst.: Long sword |     7 |    12 |     5 |       ||    24
       Falchion          |       |       |     3 |       ||     3
       Scimitar          |       |       |     7 |    21 ||    28
